 Dungeon Crawl Stone Soup version 0.29.0-13-gc9e81de378 (webtiles) character file.

Game seed: 4004135424979556427

1005 Destapler the Cudgeller (level 8, 0/120 HPs)
             Began as a Troll Berserker on Sept 8, 2022.
             Was a Priest of Trog.
             Slain by a killer bee (4 damage)
             ... on level 6 of the Dungeon.
             The game lasted 00:04:54 (3974 turns).

Destapler the Cudgeller (Troll Berserker)           Turns: 3974, Time: 00:04:55

Health: 0/120      AC:  4    Str: 32    XL:     8   Next: 0%
Magic:  2/2        EV: 10    Int:  3    God:    Trog [***...]
Gold:   253        SH:  0    Dex:  9    Spells: 7/7 levels left

rFire   . . .      SeeInvis .   s - +7 flail of the Kidney {antimagic, rC- Will+ Str+4}
rCold   x . .      Faith    .   (no shield)
rNeg    . . .      Spirit   .   b - +0 animal skin
rPois   .          Reflect  .   (helmet restricted)
rElec   .          Harm     .   (no cloak)
rCorr   .          Rampage  .   (gloves unavailable)
Will    +++..                   (boots unavailable)
Stlth   ..........              m - amulet of regeneration
HPRegen 2.90/turn               (no ring)
MPRegen 0.08/turn               (no ring)

@: berserking, lethally poisoned (0 -> -1), strong-willed, regenerating, very
quick
A: large, unfitting armour, claws 3, regeneration 1, shaggy fur 1, tough skin 1
a: Renounce Religion, Berserk, Trog's Hand


You were on level 6 of the Dungeon.
You worshipped Trog.
Trog was most pleased with you.
You visited 1 branch of the dungeon, and saw 6 of its levels.

You collected 253 gold pieces.

Inventory:

Hand Weapons
 a - a +0 mace
 s - the +7 flail of the Kidney (weapon) {antimagic, rC- Will+ Str+4}
   (You found it on level 5 of the Dungeon)

   It reduces the magical energy of the wielder, and disrupts the spells and
   magical abilities of those it strikes.
   Natural abilities and divine invocations are not affected.
   Str:       It affects your strength (+4).
   rC:        It makes you vulnerable to cold.
   Will:      It increases your willpower.
Missiles
 v - 4 boomerangs (quivered)
Armour
 b - a +0 animal skin (worn)
Jewellery
 h - an amulet of faith
 m - an amulet of regeneration (around neck)
Scrolls
 c - 12 scrolls of identify {unknown}
 d - a scroll of fog {unknown}
 e - 2 scrolls of poison {unknown}
 g - 3 scrolls of teleportation {unknown}
 n - a scroll of fear {unknown}
 o - 3 scrolls of acquirement {unknown}
 q - a scroll of immolation {unknown}
 u - a scroll of amnesia {unknown}
 w - a scroll of enchant armour {unknown}
Potions
 f - 3 potions of curing
 i - a potion of degeneration {unknown}
 j - 3 potions of mutation {unknown}
 k - 2 potions of heal wounds {unknown}
 l - a potion of invisibility {unknown}
 p - a potion of ambrosia {unknown}
 r - a potion of flight {unknown}
 t - a potion of haste {unknown}


   Skills:
 + Level 5.0 Fighting
 + Level 5.5 Maces & Flails
 + Level 0.2 Throwing
 + Level 5.0 Dodging


You had 7 spell levels left.
You didn't know any spells.
Your spell library contained the following spells:

 Spells                   Type           Power      Damage    Failure   Level
 Sublimation of Blood     Necr           0%         N/A       67%         2
 Wereblood                Tmut           0%         N/A       67%         2
 Dazzling Flash           Conj/Hex       0%         N/A       88%         3
 Animate Dead             Necr           0%         N/A       99%         4
 Agony                    Necr           0%         N/A       100%        5
 Silence                  Hex/Air        0%         N/A       100%        5
 Haunt                    Necr/Summ      0%         N/A       100%        7
 Summon Hydra             Summ           0%         N/A       100%        7
 Infestation              Necr           0%         N/A       100%        8


Dungeon Overview and Level Annotations

Branches:
Dungeon (6/15)
 Temple: D:4-7

Altars:
Fedhas


Innate Abilities, Weirdness & Mutations

You are too large for most types of armour.
You have claws for hands.
Your natural rate of healing is unusually fast.
You are covered in fur. (AC +1)
You have tough skin. (AC +1)


Message History

The killer bee barely misses you. The killer bee stings you.
* * * LOW HITPOINT WARNING * * *
The killer bee stings you.
* * * LOW HITPOINT WARNING * * *
The killer bee misses you. The killer bee stings you!
* * * LOW HITPOINT WARNING * * *
The killer bee closely misses you.
It was a potion of curing.
You feel better. The killer bee stings you.
* * * LOW HITPOINT WARNING * * *
The killer bee closely misses you. x2; The killer bee barely misses you.
A red film seems to cover your vision as you go berserk!
You feel yourself moving faster!
You feel mighty! The killer bee barely misses you.
The killer bee closely misses you.
The killer bee stings you but does no damage.
The killer bee closely misses you. The killer bee stings you!
* * * LOW HITPOINT WARNING * * *
The killer bee closely misses you. x3
You miss the killer bee. The killer bee stings you!
* * * LOW HITPOINT WARNING * * *
You are poisoned.
The killer bee poisons you! The killer bee barely misses you.
The killer bee stings you.
* * * LOW HITPOINT WARNING * * *
The killer bee stings you.
* * * LOW HITPOINT WARNING * * *
You are more poisoned.
The killer bee poisons you!
You sock the killer bee!
You kill the killer bee!
Trog accepts your kill.
You feel very sick. The killer bee barely misses you.
The killer bee closely misses you. x3
The killer bee stings you but does no damage.
The killer bee completely misses you.
You have reached level 8!
You miss the killer bee.
You feel sick. The killer bee stings you.
* * * LOW HITPOINT WARNING * * *
The killer bee closely misses you. The killer bee barely misses you.
The killer bee stings you.
You die...

#. # #######.###
.##. ..... ...
..... ...
..##....
######.##....###.
#..........!.....
...<......######
.......yy.#
........@y#
..........#
..........#
..........#
.##########


You could see 3 killer bees.

Vanquished Creatures
  An ice beast (D:5)
  Pargi (D:3)
  4 phantoms
  A scorpion (D:5)
  A killer bee (D:6)
  A jelly (D:5)
  A hound (D:5)
  4 orc priests
  An orc wizard (D:5)
  3 gnolls (D:4)
  7 adders
  2 ufetubi
  3 worms
  2 dart slugs (D:1)
  11 orcs
  8 ball pythons
  7 endoplasms
  10 giant cockroaches
  3 goblins
  5 hobgoblins
  6 jackals (D:1)
  12 kobolds
  A quokka (D:1)
  6 bats
  2 frilled lizards (D:1)
  2 rats (D:3)
105 creatures vanquished.

Notes
Turn   | Place    | Note
-------+----------+-------------------------------------------
     0 | D:1      | Destapler the Troll Berserker began the quest for the Orb.
     0 | D:1      | Reached XP level 1. HP: 22/22 MP: 0/0
   109 | D:1      | Reached XP level 2. HP: 29/29 MP: 1/1
   243 | D:1      | Reached ** piety under Trog
   281 | D:1      | Reached XP level 3. HP: 36/36 MP: 2/2
   702 | D:2      | Found a faded altar of an unknown god.
  1428 | D:3      | Noticed Pargi
  1440 | D:3      | Killed Pargi
  1441 | D:3      | Reached XP level 4. HP: 42/45 MP: 3/3
  1441 | D:3      | Reached XP level 5. HP: 49/53 MP: 4/4
  2243 | D:4      | Reached *** piety under Trog
  2537 | D:4      | Reached XP level 6. HP: 55/62 MP: 5/5
  2581 | D:4      | Found a blossoming altar of Fedhas.
  3210 | D:5      | Entered Level 5 of the Dungeon
  3233 | D:5      | Reached XP level 7. HP: 65/70 MP: 6/6
  3285 | D:5      | Identified the +7 flail of the Kidney {antimagic, rC- Will+
                  | Str+4}
  3385 | D:5      | Reached skill level 5 in Maces & Flails
  3683 | D:5      | Reached skill level 5 in Fighting
  3683 | D:5      | Reached skill level 5 in Dodging
  3974 | D:6      | Reached XP level 8. HP: 7/80 MP: 2/7
  3974 | D:6      | HP: 4/120 [killer bee (4)]
  3974 | D:6      | Slain by a killer bee

Illustrated notes

Levels and vault maps discovered:
D:1:      minmay_arrival_up_and_down, layout_loops_ring
D:2:      layout_loops_ring, ebering_ecumenical_altar_webs,
          hangedman_decor_slide_cut
D:3:      layout_loops_ring, uniq_pargi
D:4:      layout_loops_corners, fedhas_altar_3, chequers_serial_rivers_large_a,
          minmay_misc_feat_cross
D:5:      layout_loops_ring, minmay_misc_feat_chi, minmay_stone_trees_small,
          hangedman_abyss_or_decor_stabs, grunt_decor_mini_mirrors
D:6:      layout_rooms, minmay_temple_entry_glass

Skill      XL: |  1  2  3  4  5  6  7 |
---------------+----------------------+-----
Maces & Flails | 3 4 5 |  5.5
Dodging        | 3 4 5 |  5.0
Fighting       | 3 4 5 |  5.0
Throwing       | |  0.2

Action                   |  1- 3 |  4- 6 |  7- 9 || total
-------------------------+-------+-------+-------++-------
Melee: Mace              |   145 |   151 |    11 ||   307
       Punch             |     2 |     1 |       ||     3
       Flail             |       |       |    62 ||    62
Invok: Berserk           |     1 |     2 |     2 ||     5
       Trog's Hand       |       |       |     1 ||     1
  Use: Potion            |       |       |     1 ||     1
 Stab: Sleeping          |       |     2 |       ||     2
Armor: Animal skin       |    85 |    47 |    18 ||   150
Dodge: Dodged            |   119 |    74 |    64 ||   257
